 Dungeon Crawl Stone Soup version 0.31-a0-986-g5e6e4ef867 (webtiles) character file.

Game seed: 4173984418022454396

103320 Lobster4 the Marksminotaur (level 15, -10/132 HPs)
             Began as a Minotaur Hunter on Nov 3, 2023.
             Was the Champion of Trog.
             Killed from afar by a will-o-the-wisp (14 damage)
             ... with a foxfire
             ... on level 1 of the Swamp on Nov 4, 2023.
             The game lasted 01:34:51 (25236 turns).

Lobster4 the Marksminotaur (Minotaur Hunter)       Turns: 25236, Time: 01:34:51

Health: -10/132    AC: 18    Str: 16    XL:     15   Next: 88%
Magic:  0/14       EV: 19    Int:  6    God:    Trog [******]
Gold:   730        SH: 12    Dex: 21    Spells: 14/14 levels left

rFire   . . .        a - +1 hand cannon (flame)
rCold   . . .        N - +0 kite shield {reflect}
rNeg    . . .        C - +3 troll leather armour {Snorg}
rPois   .            (helmet restricted)
rElec   +            w - +2 cloak
rCorr   .            Z - +1 pair of gloves {infuse}
SInv    .            f - +0 pair of boots {Fly}
Will    ++...        e - amulet of guardian spirit
Stlth   ++           S - +4 ring of protection
HPRegen 1.22/turn    h - ring "Qokye" {rElec Will+}
MPRegen 0.14/turn

%: reflection, guardian spirit
@: mighty, flying, studying Long Blades
A: horns 2, retaliatory headbutt, frail 1
a: Renounce Religion, Berserk, Trog's Hand, Brothers in Arms


You were on level 1 of the Swamp.
You worshipped Trog.
Trog was exalted by your worship.
You visited 5 branches of the dungeon, and saw 25 of its levels.
You also visited: Sewer.

You collected 2094 gold pieces.
You spent 1364 gold pieces at shops.

Inventory:

Hand Weapons
 a - a +1 hand cannon of flaming (weapon)
 b - the +5 long sword of the Lair of Beasts {spect, rPois Str+2}
   (You took it off a kobold on level 11 of the Dungeon)

   Str+2:     It affects your strength (+2).
   rPois:     It protects you from poison
 H - a +2 double sword of flaming
 P - a +1 short sword of venom
 R - a +6 antimagic rapier
Missiles
 l - 6 javelins
 n - 73 poisoned darts
 L - 2 curare-tipped darts
Armour
 f - a +0 pair of boots of flying (worn)
 v - a +2 ring mail of fire resistance
 w - a +2 cloak (worn)
 B - +0 ice dragon scales
 C - a +3 troll leather armour (worn) {Snorg}
 N - a +0 kite shield of reflection (worn)
 Z - a +1 pair of gloves of infusion (worn)
Jewellery
 e - an amulet of guardian spirit (around neck)
 h - the ring "Qokye" (right hand) {rElec Will+}
   (You acquired it on level 8 of the Dungeon)

   [ring of willpower]

   rElec:     It insulates you from electricity.
   Will+:     It increases your willpower.
 m - a ring of positive energy
 A - a ring of protection from cold
 G - a ring of willpower
 K - an amulet of magic regeneration
 Q - a ring of flight
 S - a +4 ring of protection (left hand)
Wands
 d - a wand of flame (32)
 z - a wand of quicksilver (44)
 I - a wand of charming (15)
 U - a wand of iceblast (7)
Scrolls
 c - 3 scrolls of teleportation
 g - a scroll of fog
 o - 5 scrolls of blinking
 p - a scroll of butterflies
 q - a scroll of brand weapon
 y - 2 scrolls of revelation
 E - 7 scrolls of identify
 F - 2 scrolls of silence
 T - 3 scrolls of poison
 W - 2 scrolls of immolation
Potions
 i - 2 potions of mutation
 k - 13 potions of curing
 r - 4 potions of enlightenment
 s - 2 potions of might
 u - 4 potions of lignification
 x - a potion of ambrosia
 D - 2 potions of heal wounds
 J - 6 potions of haste
 M - 3 potions of cancellation
 O - a potion of resistance {unknown}
Miscellaneous
 j - a condenser vane
 t - a box of beasts (inert)
 Y - a phantom mirror


   Skills:
 + Level 17.3 Fighting
 - Level 5.0(9.1) Short Blades
 + Level 12.8(13.3) Long Blades
 * Level 18.2 Ranged Weapons
 + Level 10.0 Armour
 - Level 12.0 Dodging
 - Level 1.0 Stealth
 + Level 8.7 Shields
 - Level 5.0 Evocations


You had 14 spell levels left.
You didn't know any spells.
Your spell library contained the following spells:

 Spells                   Type           Power      Damage    Failure   Level
 Apportation              Tloc           0%         N/A       80%         1
 Slow                     Hex            0%         N/A       80%         1
 Jinxbite                 Hex            0%         N/A       90%         2
 Confusing Touch          Hex            0%         N/A       99%         3
 Sigil of Binding         Hex            0%         N/A       99%         3
 Vampiric Draining        Necr           0%         2d6       99%         3
 Animate Dead             Necr           0%         N/A       100%        4
 Alistair's Intoxication  Tmut/Pois      0%         N/A       100%        5
 Borgnjor's Vile Clutch   Necr/Erth      0%         N/A       100%        5
 Death Channel            Necr           0%         N/A       100%        6


Dungeon Overview and Level Annotations

Branches:
Dungeon (15/15)            Temple (1/1) D:5            Lair (5/5) D:11
  Swamp (2/4) Lair:3       Spider (0/4) Lair:3        Slime (0/5) Lair:5
    Orc (2/2) D:9             Elf (0/3) Orc:2        Vaults (0/5) D:13
 Depths (0/4) D:15          Sewer (visited)

Altars:
Ashenzari
Cheibriados
Dithmenos
Elyvilon
Fedhas
Gozag
Hepliaklqana
Kikubaaqudgha
Makhleb
Nemelex Xobeh
Okawaru
Qazlal
Ru
Sif Muna
Trog
Uskayaw
Vehumet
Wu Jian
Xom
Yredelemnul
Zin
The Shining One
Jiyva

Shops:
D:5 [   D:6 **   D:9 (   D:13 :   Orc:1 :   Orc:2 =!**:*

Annotations:
D:6 2 runed translucent doors, demibob's ghost, novice DECK
D:9 3 runed translucent doors, Thrassey's ghost, novice DsNe
Temple 2 transporters


Innate Abilities, Weirdness & Mutations

You have a pair of horns on your head.
You reflexively headbutt those who attack you in melee.
You are frail. (-10% HP)


Message History

The alligator is severely wounded.
The will-o-the-wisp engulfs you.
* * * LOW HITPOINT WARNING * * *
You block the alligator's attack. The alligator tail-slaps you.
* * * LOW HITPOINT WARNING * * *
The alligator bites you but does no damage.
The alligator tail-slaps you but does no damage.
Blink to where?
Press: ? - help, Dir - move target
As you read the scroll of blinking, it crumbles to dust.
Your +1 hand cannon of flaming bursts into flame!
a - a +1 hand cannon of flaming (weapon)
You are too injured to fight recklessly!
Fire: a) +1 hand cannon (flame)
Press: ? - help, Q - select action, (/) - cycle Shift-Dir - straight line, f - will-o-the-wisp
Aim: a will-o-the-wisp (76% to hit)
You shoot a bolt.
The bolt barely misses the will-o-the-wisp.
The bolt hits the alligator.
The bolt burns the alligator.
The alligator is severely wounded.
Fire: a) +1 hand cannon (flame)
Press: ? - help, Q - select action, (/) - cycle Shift-Dir - straight line, f/p - will-o-the-wisp
Aim: a will-o-the-wisp (76% to hit)
You shoot a bolt. The bolt hits the will-o-the-wisp!!
The bolt burns the will-o-the-wisp.
The will-o-the-wisp is severely damaged.
The will-o-the-wisp gestures.
The will-o-the-wisp conjures some marshlight!
The will-o-the-wisp gestures.
The will-o-the-wisp conjures some marshlight! 4 foxfires come into view.
Fire: a) +1 hand cannon (flame)
Press: ? - help, Q - select action, (/) - cycle Shift-Dir - straight line, f/p - will-o-the-wisp
Aim: a will-o-the-wisp (severely damaged, 76% to hit)
You shoot a bolt. The bolt hits the foxfire!!
The foxfire is moderately damaged.
The foxfire hits you!!!
* * * LOW HITPOINT WARNING * * *
The foxfire hits you!
You die...

♣ ♣~..♣....~~~t.♣♣♣♣♣ ♣
♣.~.~~~~..~~§>♣♣~~♣ ♣
♣.~..~~~..~~.§...♣♣
♣♣.~~.~♣♣.§~~§vt~.♣
♣~~~~.♣♣♣.~~§§§§~~♣ ♣♣~~~~♣
♣♣.~§§§t.~♣ ♣♣♣.~~.♣♣
♣~.§§v..~♣♣♣♣♣♣♣♣♣
♣♣......~♣♣♣♣~v§v○..)...♣♣~.♣♣
..~..~§.~§.....○@§~.§~~~..~~~♣
~~~~...[....~~§~~~~~♣♣♣♣♣.~~>♣
~~~>.♣♣♣....~~~~~~♣♣♣≈≈♣♣♣..♣♣
~~~~.♣♣♣♣~~~~~~..~~♣♣♣≈≈♣♣♣♣♣
~~~.♣♣♣....~~....~♣♣♣≈≈≈≈≈..♣
~~~~♣ ♣~~.....♣♣~~♣♣♣≈≈≈♣♣†.♣
~~♣♣♣ ♣~~~.......~.♣♣♣♣♣♣♣~.♣
.♣♣ ♣.~~~~.~~.....♣♣♣♣.~..♣
.♣♣ ♣..~~~~~~~.~~.~~...♣♣♣♣


You could see 2 alligators and a will-o-the-wisp.

Vanquished Creatures
  Jorgrun (D:15)
  Mlioglotl (Swamp:1)
  A tentacled monstrosity (Swamp:1)
  A thorn hunter (Swamp:1)
  A deep elf sorcerer (D:11)
  A stone giant (D:15)
  An eleionoma (Swamp:1)
  A bunyip (Swamp:1)
  A dire elephant (Lair:5)
  Snorg (Lair:5)
  A deep elf death mage (D:11)
  7 vault guards (D:13)
  2 catoblepae
  6 hydras
  2 ogre magi
  2 centaur warriors
  An alligator (Swamp:1)
  A death knight (D:14)
  6 tengu warriors
  3 death yaks (Lair:5)
  3 boulder beetles
  7 two-headed ogres
  A deep troll shaman (Lair:5)
  An orc high priest (Orc:1)
  Urug (D:11)
  An occultist (D:11)
  A skyshark (Lair:3)
  5 skeletal warriors (D:13)
  A spriggan druid (Swamp:1)
  An orb spider (Lair:3)
  2 arcanists
  6 deep elf pyromancers
  A wolf spider (D:14)
  10 orc knights
  2 manticores
  2 cyclopes
  An orc sorcerer (D:11)
  4 ugly things
  An oklob plant (Lair:2)
  Maurice (D:13)
  An ice statue (Lair:4)
  9 black mambas
  Joseph (Lair:1)
  15 elephants
  A gargoyle (D:12)
  3 unseen horrors
  11 cane toads
  3 rime drakes
  12 komodo dragons
  3 freezing wraiths
  A yaktaur (D:15)
  9 kobold demonologists
  3 meliai (D:14)
  3 trolls
  4 tengu conjurers
  3 tyrant leeches
  6 hornets
  5 polar bears
  2 bloated husks (Swamp:1)
  3 blink frogs (Lair:4)
  6 dream sheep (Lair:5)
  Sigmund (D:6)
  6 spriggans (Swamp:1)
  6 wraiths
  6 wyverns
  41 yaks
  4 basilisks
  A steam dragon (D:7)
  6 vampire mosquitoes
  6 wargs (Orc:2)
  2 acid dragons
  10 water moccasins
  5 swamp worms
  4 swamp drakes (Swamp:1)
  7 ice beasts
  34 orc warriors
  5 black bears
  5 ogres
  7 centaurs
  13 wolves
  A phantom (D:4)
  18 bullfrogs
  5 kobold brigands
  2 gnoll sergeants
  A wyvern zombie (D:5)
  2 scorpions (D:5)
  7 wights
  A water moccasin zombie (D:5)
  6 killer bees (D:8)
  A howler monkey (D:5)
  A crimson imp (D:6)
  2 bullfrog zombies (D:5)
  18 orc priests
  A hound (D:7)
  2 gnoll boudas
  15 jellies
  Ijyb (D:3)
  16 orc wizards
  7 iguanas
  A hound zombie (D:5)
  A hound skeleton (D:5)
  A howler monkey zombie (D:5)
  18 gnolls
  6 adders
  A river rat (Sewer)
  4 white imps
  A shadow imp (D:6)
  An adder zombie (D:5)
  3 dart slugs
  92 orcs
  3 endoplasms
  7 giant cockroaches
  5 hobgoblins
  8 jackals
  A quokka (D:4)
  8 ball pythons
  15 bats
  7 goblins
  24 kobolds
  7 rats
687 creatures vanquished.

Vanquished Creatures (others)
  9 foxfires
9 creatures vanquished.

Grand Total: 696 creatures vanquished

Notes
Turn   | Place    | Note
-------+----------+-------------------------------------------
     0 | D:1      | Lobster4 the Minotaur Hunter began the quest for the Orb.
     0 | D:1      | Reached XP level 1. HP: 18/18 MP: 0/0
   101 | D:1      | Reached skill level 1 in Stealth
   221 | D:1      | Reached XP level 2. HP: 25/25 MP: 1/1
   245 | D:1      | Found a faded altar of an unknown god.
   285 | D:1      | Reached skill level 1 in Armour
   695 | D:2      | Found a bloodstained altar of Trog.
   731 | D:2      | Reached XP level 3. HP: 30/30 MP: 2/2
  1127 | D:3      | Found a broken altar of Ashenzari.
  1194 | D:3      | Reached XP level 4. HP: 34/38 MP: 3/3
  1327 | D:3      | Noticed Ijyb
  1337 | D:3      | Killed Ijyb
  1338 | D:3      | Reached skill level 5 in Ranged Weapons
  1875 | D:4      | Noticed a centaur
  1883 | D:4      | Killed a centaur
  1884 | D:4      | Reached skill level 1 in Short Blades
  1884 | D:4      | Reached XP level 5. HP: 3/46 MP: 4/4
  2373 | D:4      | Reached XP level 6. HP: 45/52 MP: 5/5
  2754 | D:4      | Reached skill level 1 in Evocations
  2897 | D:5      | Entered Level 5 of the Dungeon
  2902 | D:5      | Reached XP level 7. HP: 38/60 MP: 6/6
  3108 | D:5      | Reached skill level 6 in Ranged Weapons
  3317 | D:5      | Reached skill level 5 in Fighting
  3438 | D:5      | Found Bounec's Armour Boutique.
  3543 | D:5      | Found a staircase to the Ecumenical Temple.
  3550 | Temple   | Found a transporter.
  3550 | Temple   | Found a transporter.
  3550 | Temple   | Found a transporter.
  3550 | Temple   | Found a transporter.
  3550 | Temple   | Entered the Ecumenical Temple
  3568 | Temple   | Became a worshipper of Trog the Wrathful
  3654 | D:5      | Identified a scroll of acquirement
  3654 | D:5      | Acquired a +1 hand cannon of flaming
  3797 | D:5      | Reached skill level 5 in Dodging
  3797 | D:5      | Reached XP level 8. HP: 65/69 MP: 7/7
  4291 | D:4      | Reached skill level 5 in Armour
  4410 | D:6      | Found Kikhee Noli's Assorted Antiques.
  4504 | D:6      | Reached * piety under Trog
  4520 | D:6      | Noticed Sigmund
  4549 | D:6      | Killed Sigmund
  4550 | D:6      | Reached skill level 7 in Ranged Weapons
  4595 | D:6      | Found Hiruciu's Assorted Antiques.
  4607 | D:6      | Bought a crude robe for 131 gold pieces
  4607 | D:6      | Identified the +0 robe of Paydig {*Corrode rN+ Dex+2} (You
                  | bought it in a shop on level 6 of the Dungeon)
  4768 | D:6      | Found a glowing drain.
  4796 | Sewer    | Entered a sewer
  4918 | Sewer    | Reached skill level 8 in Ranged Weapons
  4990 | Sewer    | Found a white marble altar of Elyvilon.
  5117 | D:6      | Reached ** piety under Trog
  5159 | D:6      | Reached XP level 9. HP: 43/81 MP: 8/8
  5581 | D:6      | Found a large runed translucent door.
  5581 | D:6      | Found a large runed translucent door.
  5582 | D:6      | Noticed demibob's ghost (novice DECK)
  5977 | D:6      | Bought a scroll of identify for 46 gold pieces
  7027 | D:7      | Found a stormy altar of Qazlal.
  7267 | D:8      | Found Jusiug's Armour Shop.
  7347 | D:8      | Noticed a two-headed ogre
  7366 | D:8      | Killed a two-headed ogre
  7367 | D:8      | Reached skill level 9 in Ranged Weapons
  7373 | D:8      | Acquired the ring "Qokye" {rElec Will+}
  7464 | D:8      | Reached skill level 5 in Short Blades
  7793 | D:9      | Identified the +0 robe "Kasin" {MP+9 Str+3}
  7798 | D:9      | Reached *** piety under Trog
  7879 | D:9      | Reached XP level 10. HP: 88/91 MP: 9/9
  7901 | D:9      | Found a staircase to the Orcish Mines.
  7901 | D:9      | Found Wuepsox's Weapon Shop.
  8119 | D:9      | Found a runed translucent gate.
  8152 | D:9      | Found a runed translucent gate.
  8152 | D:9      | Found a runed translucent gate.
  8153 | D:9      | Found an opulent altar of Gozag.
  8154 | D:9      | Noticed a wolf spider
  8154 | D:9      | Noticed Thrassey's ghost (novice DsNe)
  8156 | D:9      | Noticed a two-headed ogre
  8630 | D:9      | Reached skill level 10 in Fighting
  8630 | D:9      | Reached skill level 10 in Ranged Weapons
  8806 | D:10     | Entered Level 10 of the Dungeon
  8944 | D:10     | Found a snail-covered altar of Cheibriados.
  9084 | D:10     | Reached **** piety under Trog
  9417 | D:11     | Identified the of Plog
  9417 | D:11     | Identified the "Mirhyga"
  9417 | D:11     | Identified the "Abusi"
  9417 | D:11     | Identified the of Tablea
  9417 | D:11     | Identified the "Nibeud"
  9455 | D:11     | Noticed Urug
  9771 | Lair:4   | Identified the "Noinluch"
  9771 | Orc:1    | Entered Level 1 of the Orcish Mines
  9908 | Orc:2    | Entered Level 2 of the Orcish Mines
 10064 | Orc:2    | Found a staircase to the Elven Halls.
 10106 | Orc:1    | Noticed an orc high priest
 10136 | Orc:2    | Found Useitraj's CLEARANCE SALE!.
 10142 | Orc:2    | Bought a scroll of teleportation for 18 gold pieces
 10353 | Orc:2    | Noticed an orc knight
 10407 | Orc:2    | Killed an orc knight
 10408 | Orc:2    | Reached XP level 11. HP: 101/101 MP: 10/10
 10461 | Orc:2    | Noticed an orc knight
 10461 | Orc:2    | Noticed an orc knight
 10498 | Orc:2    | Killed an orc knight
 10500 | Orc:2    | Killed an orc knight
 10554 | Orc:2    | Reached ***** piety under Trog
 10570 | Orc:2    | Noticed an orc knight
 10580 | Orc:2    | Killed an orc knight
 10581 | Orc:2    | Reached skill level 11 in Ranged Weapons
 10651 | Orc:2    | Noticed an orc knight
 10662 | Orc:2    | Killed an orc knight
 10904 | Orc:2    | Found Vukkihegg's Book Shoppe.
 10904 | Orc:2    | Found Iseeser's Assorted Antiques.
 10966 | Orc:2    | Noticed an orc knight
 10969 | Orc:2    | Noticed an orc knight
 11026 | Orc:2    | Killed an orc knight
 11162 | Orc:2    | Killed an orc knight
 11380 | Orc:2    | Found Oghulus's Jewellery Boutique.
 11386 | Orc:2    | Noticed an orc knight
 11395 | Orc:2    | Killed an orc knight
 11461 | Orc:2    | Noticed an orc knight
 11478 | Orc:2    | Killed an orc knight
 11479 | Orc:2    | Reached skill level 5 in Evocations
 11620 | Orc:2    | Found Jeecopink's Distillery.
 11620 | Orc:2    | Found Hecape's Assorted Antiques.
 11635 | Orc:2    | Bought a scroll labelled RODIORYGIAMN for 26 gold pieces
 11925 | Orc:1    | Killed an orc high priest
 12193 | Orc:1    | Found Qivom Dygi's Self-Improvement Boutique.
 12238 | Orc:1    | Reached XP level 12. HP: 101/112 MP: 9/11
 12414 | D:11     | Reached skill level 10 in Dodging
 12472 | D:11     | Found a staircase to the Lair.
 12508 | D:11     | Noticed a boulder beetle
 12534 | D:11     | Killed a boulder beetle
 12535 | D:11     | Reached skill level 12 in Ranged Weapons
 12768 | D:11     | Noticed an ogre mage
 12771 | D:11     | Killed an ogre mage
 12789 | D:11     | Reached skill level 10 in Armour
 12814 | D:11     | Gained mutation: You are frail. (-10% HP) [a neqoxec]
 13132 | D:11     | Found a shimmering blue altar of Sif Muna.
 13150 | D:11     | Reached skill level 13 in Ranged Weapons
 13215 | D:11     | Noticed a deep elf death mage
 13339 | D:11     | Identified the +5 long sword of the Lair of Beasts {spect,
                  | rPois Str+2}
 13342 | D:11     | Received a gift from Trog
 13469 | D:11     | Killed Urug
 13470 | D:11     | Reached skill level 1 in Long Blades
 13871 | D:11     | Found the +1 robe of Vines {NoPotionHeal Regen++++}
 13930 | D:11     | Noticed a deep elf sorcerer
 13944 | D:11     | Killed a deep elf death mage
 13954 | D:11     | Killed a ghostly deep elf death mage
 13956 | D:11     | Killed a deep elf sorcerer
 14070 | Lair:1   | Entered Level 1 of the Lair of Beasts
 14133 | Lair:1   | Reached XP level 13. HP: 111/111 MP: 12/12
 14230 | Lair:1   | Noticed Joseph
 14239 | Lair:1   | Killed Joseph
 14704 | Lair:2   | Reached skill level 14 in Ranged Weapons
 14894 | Lair:2   | Reached skill level 5 in Long Blades
 15000 | Lair:2   | Received a gift from Trog
 15161 | Lair:2   | Reached skill level 15 in Fighting
 16338 | Lair:3   | Found a hole to the Spider Nest.
 16549 | Lair:3   | Reached skill level 1 in Shields
 16702 | Lair:3   | Reached ****** piety under Trog
 16777 | Lair:3   | Found a staircase to the Swamp.
 17085 | Lair:4   | Reached skill level 15 in Ranged Weapons
 17228 | Lair:4   | Reached XP level 14. HP: 82/121 MP: 6/13
 18078 | Lair:5   | Entered Level 5 of the Lair of Beasts
 18290 | Lair:5   | Found a staircase to the Slime Pits.
 18290 | Lair:5   | Found a viscous altar of Jiyva.
 18349 | Lair:5   | Received a gift from Trog
 18506 | Lair:5   | Noticed Snorg
 18520 | Lair:5   | Killed Snorg
 19110 | Lair:5   | Reached skill level 16 in Ranged Weapons
 19683 | Lair:5   | Reached skill level 5 in Shields
 20042 | D:6      | Bought a scroll labelled YWNOQ DAE for 23 gold pieces
 20229 | Orc:1    | Bought a manual of Long Blades for 1120 gold pieces
 20424 | D:12     | Identified the +5 mace of Cazaghof {vamp, Int+3}
 21267 | D:13     | Noticed Maurice
 21331 | D:13     | Killed Maurice
 21414 | D:13     | Found Giczylitwa's Tiny Tomes.
 21964 | D:13     | Received a gift from Trog
 22154 | D:13     | Reached skill level 10 in Long Blades
 22154 | D:13     | Reached XP level 15. HP: 130/130 MP: 14/14
 22175 | D:13     | Found a gate to the Vaults.
 22560 | D:14     | Found an ornate altar of the Wu Jian Council.
 22611 | D:14     | Reached skill level 17 in Ranged Weapons
 23241 | D:15     | Entered Level 15 of the Dungeon
 23282 | D:15     | Noticed Jorgrun
 23290 | D:15     | Killed Jorgrun
 23607 | D:15     | Paralysed by an ogre mage for 2 turns
 23955 | D:15     | Found a staircase to the Depths.
 24193 | Swamp:1  | Entered Level 1 of the Swamp
 24195 | Swamp:1  | Received a gift from Trog
 24198 | Swamp:1  | Noticed a tentacled monstrosity
 24236 | Swamp:1  | Killed a tentacled monstrosity
 24585 | Swamp:1  | Reached skill level 18 in Ranged Weapons
 24628 | Swamp:1  | Noticed a thorn hunter
 24634 | Swamp:1  | Killed a thorn hunter
 25151 | Swamp:2  | Noticed Mlioglotl
 25216 | Swamp:1  | Killed Mlioglotl
 25236 | Swamp:1  | HP: 4/132 [will-o-the-wisp/foxfire (36)]
 25236 | Swamp:1  | Killed from afar by a will-o-the-wisp

Illustrated notes

Levels and vault maps discovered:
D:1:      psy_arrival_whirlpool, layout_basic,
          hellmonk_ecumenical_altar_lost_god
D:2:      layout_rooms, basic_altar
D:3:      layout_basic, ashenzari_altar_1, roderic_batcave,
          grunt_decor_fettered, minmay_misc_feat_rows, grunt_decor_arrowhead,
          uniq_ijyb
D:4:      minmay_bubble_buster, layout_basic
D:5:      layout_gridville, minmay_temple_entry_mini_moons, serial_shops,
          nicolae_shop_tiny_real_fake_doors, serial_undead, serial_undead_c,
          serial_undead_b, serial_undead_f, serial_undead_b, hex_tiny,
          chequers_decorated_corner, grunt_decor_clamped,
          grunt_decor_resistance, kennysheep_generic_room_7
D:6:      layout_basic, serial_shops, nicolae_shop_just_a_little_nook, shop,
          gup_sewer_entry_glass, ebering_ghost_disaster_area,
          minmay_fire_ice_demons, uniq_sigmund
D:7:      layout_loops_corners, nicolae_qazlal_style_of_elements
D:8:      layout_cave_pools, serial_shops, nicolae_shop_pleasant_corner_grove,
          serial_bayou_ford_a, hangedman_decor_peaks_small
D:9:      layout_basic, orc_david_3, ebering_ghost_gozag
D:10:     layout_roguey, old_standard_altar
D:11:     evilmike_library_of_no_secrets, layout_gridville,
          hellmonk_lair_entry_icy, uniq_urug
D:12:     layout_cave_pods
D:13:     layout_basic, erik_vaults_2, nicolae_shop_i_like_small_books_too,
          nicolae_straight_to_the_point, uniq_maurice
D:14:     layout_irregular_city, serial_glass, glass_columns_b, glass_columns_c,
          glass_columns_b, item_on_display_a, minmay_strange_pillars,
          item_on_display_a, minmay_strange_pillars,
          nicolae_wu_jian_immortal_techniques, minmay_misc_feat_plants
D:15:     grunt_enter_depths_snipers, layout_cave_pools, small_statue_alley_a,
          uniq_jorgrun
Temple:   hellmonk_temple_divided_pantheon
Lair:1:   layout_roguey, beast_lair_carwin_1, uniq_joseph
Lair:2:   layout_cave_pods, minmay_lair_oklob_items, serial_bayou_pond_b,
          infiniplex_staircase_pool_2
Lair:3:   layout_loops_ring, palyth_hydra_swamp_entry,
          nicolae_spider_entry_orb_guardian
Lair:4:   layout_roguey, ice2_lemuel
Lair:5:   grunt_lair_end_beastmaster, layout_layer_cave,
          minmay_slime_entry_jelly_boxes, uniq_snorg
Swamp:1:  layout_basic_swamp, nicolae_swamp_feature_on_the_river_bank,
          swamp_pool_5, infiniplex_staircase_pool
Swamp:2:  layout_falls_marsh, evilmike_swamp_ruin_house_1, uniq_mlioglotl
Orc:1:    layout_caves, nicolae_shop_self_help
Orc:2:    st_orc_town, layout_diamond_mine, serial_shops,
          nicolae_shop_gaudy_bauble, nicolae_shop_clearance

Skill      XL: |  1  2  3  4  5  6  7  8  9 10 11 12 13 14 15 |
---------------+----------------------------------------------+-----
Stealth        | 1 |  1.0
Armour         | 1 2 3 4 5 6 7 9 10 | 10.0
Fighting       | 3 4 5 7 9 10 12 14 15 16 17 | 17.3
Dodging        | 3 4 5 6 8 9 10 11 12 | 12.0
Ranged Weapons | 5 6 8 9 10 11 13 15 16 18 | 18.2
Short Blades   | 1 2 3 5 |  5.0
Evocations     | 1 2 3 5 |  5.0
Long Blades    | 3 7 10 12 | 12.8
Shields        | 2 6 8 |  8.7

Action                     |  1- 3 |  4- 6 |  7- 9 | 10-12 | 13-15 || total
---------------------------+-------+-------+-------+-------+-------++-------
  Melee: Short sword       |       |     8 |    29 |    10 |       ||    47
         Headbutt          |       |     3 |     2 |     2 |    15 ||    22
         Punch             |       |       |     1 |       |       ||     1
         Long sword        |       |       |       |       |    52 ||    52
   Fire: Shortbow          |   101 |   134 |    51 |       |       ||   286
         Hand cannon       |       |       |   225 |   548 |  1059 ||  1832
  Throw: Dart              |       |     3 |       |    21 |       ||    24
         Throwing net      |       |       |       |     4 |       ||     4
 Invoke: Trog's Hand       |       |       |       |     1 |       ||     1
  Evoke: Wand              |       |     4 |     3 |    12 |     1 ||    20
         Condenser vane    |       |       |       |     1 |     1 ||     2
         Box of beasts     |       |       |       |       |     1 ||     1
    Use: Scroll            |       |     7 |    12 |     7 |    13 ||    39
         Potion            |       |       |     2 |     2 |     3 ||     7
 Armour: Leather armour    |     5 |    82 |   118 |   216 |       ||   421
         Ring mail         |    21 |     2 |       |       |       ||    23
         Skin              |       |       |    13 |       |       ||    13
         Robe              |       |       |       |    15 |   236 ||   251
         Troll leather arm |       |       |       |       |   290 ||   290
  Dodge: Dodged            |    23 |    87 |   144 |   293 |   569 ||  1116
  Block: Kite shield       |       |       |       |       |   353 ||   353
         Reflection        |       |       |       |       |    17 ||    17
         Form:             |     1 |       |       |       |       ||     1
         Beast             |     1 |       |       |       |       ||     1

Table legend: (Time is in decaauts)
 A = Elapsed time spent in this place.
 B = Non-inter-level travel time spent in this place.
 C = Inter-level travel time spent in this place.
 D = Time resting spent in this place.
 E = Time spent auto-exploring this place.
 F = Levels seen in this place.
 G = Mean time per level.
                   A        B        C        D        E       F      G
               +--------+--------+--------+--------+--------+-----+--------+
         Total |  25928 |  23812 |   2116 |   3649 |  14612 |  26 |  997.2 |
       Dungeon |  15707 |  14407 |   1300 |   2390 |   8988 |  15 | 1047.1 |
        Temple |     36 |     29 |      7 |      0 |      0 |   1 |   36.0 |
          Lair |   6193 |   5657 |    536 |    291 |   4051 |   5 | 1238.6 |
         Swamp |    971 |    885 |     86 |     99 |    535 |   2 |  485.5 |
  Orcish Mines |   2753 |   2567 |    186 |    757 |    924 |   2 | 1376.5 |
         Sewer |    264 |    264 |      0 |    111 |    114 |   1 |  264.0 |
               +--------+--------+--------+--------+--------+-----+--------+

Top non-repeatable levels by time:
    D:11: 1895 daAuts
   Orc:2: 1865 daAuts
  Lair:5: 1824 daAuts
     D:6: 1543 daAuts
    D:13: 1478 daAuts
  Lair:2: 1373 daAuts
     D:7: 1281 daAuts
     D:5: 1243 daAuts
  Lair:3: 1228 daAuts
     D:9: 1222 daAuts
     D:4: 1202 daAuts
  Lair:4: 1157 daAuts
 Swamp:1: 951 daAuts
    D:10: 917 daAuts
    D:14: 915 daAuts
